 Seeded DCSS version 0.29-a0-378-gc08b2e8bf8 (webtiles) character file.

Game seed: 11209228527372561431 (custom seed)

18035 zeratav the Grappler (level 12, -14/119 HPs)
             Began as a Troll Fighter on May 4, 2022.
             Was a Follower of Yredelemnul.
             Shot with a bolt by an orc knight (16 damage)
             ... on level 2 of the Orcish Mines.
             The game lasted 00:25:09 (8794 turns).

zeratav the Grappler (Troll Fighter)                Turns: 8794, Time: 00:25:10

Health: -14/119    AC: 12    Str: 31    XL:     12   Next: 24%
Magic:  18/18      EV:  9    Int:  4    God:    Yredelemnul [*.....]
Gold:   2822       SH: 10    Dex: 12    Spells: 11/11 levels left

rFire   . . .      SeeInvis +     - Unarmed
rCold   + + +      Faith    .   b - +0 kite shield
rNeg    + . .      Spirit   .   j - +4 skin of Zhor {*Englaciate rC+++ SInv}
rPois   .          Reflect  .   B - +1 hat
rElec   .          Harm     .   m - +2 cloak of Stoicism {Contam rN+ Will+ Dex+3}
rCorr   .          Rampage  .   (gloves unavailable)
Will    ++...                   (boots unavailable)
Stlth   +.........              (no amulet)
HPRegen 1.09/turn               a - ring of willpower
MPRegen 0.16/turn               (no ring)

@: no status effects
A: large, unfitting armour, claws 3, regeneration 1, shaggy fur 1, tough skin 1
a: Renounce Religion, Recall Undead Harvest


You were on level 2 of the Orcish Mines.
You worshipped Yredelemnul.
Yredelemnul was aware of your devotion.
You visited 3 branches of the dungeon, and saw 13 of its levels.

You collected 2822 gold pieces.


Innate Abilities, Weirdness & Mutations

You are too large for most types of armour.
You have claws for hands.
Your natural rate of healing is unusually fast.
You are covered in fur. (AC +1)
You have tough skin. (AC +1)


   Skills:
 - Level 8.0 Fighting
 - Level 2.4 Dodging
 - Level 8.0 Shields
 + Level 12.0 Unarmed Combat
 - Level 10.0 Invocations


You had 11 spell levels left.
You didn't know any spells.
Your spell library contained the following spells:

 Spells                   Type           Power      Damage    Failure   Level
 Beastly Appendage        Tmut           0%         N/A       75%         1
 Magic Dart               Conj           0%         1d3       75%         1
 Slow                     Hex            0%         N/A       75%         1
 Sting                    Tmut/Pois      0%         1d3       75%         1
 Blink                    Tloc           0%         N/A       86%         2
 Poisonous Vapours        Pois/Air       0%         N/A       86%         2
 Scorch                   Fire           0%         2d5       86%         2
 Searing Ray              Conj           0%         2d4       86%         2
 Wereblood                Tmut           0%         N/A       86%         2
 Confusing Touch          Hex            0%         N/A       98%         3
 Gell's Gravitas          Tloc           0%         N/A       98%         3
 Inner Flame              Hex/Fire       0%         N/A       98%         3
 Lesser Beckoning         Tloc           0%         N/A       98%         3
 Spider Form              Tmut/Pois      0%         N/A       98%         3
 Summon Guardian Golem    Hex/Summ       0%         N/A       98%         3
 Teleport Other           Tloc           0%         N/A       98%         3
 Vampiric Draining        Necr           0%         2d6       98%         3
 Airstrike                Air            0%         N/A       100%        4
 Cause Fear               Hex            0%         N/A       100%        4
 Fulminant Prism          Conj/Hex       0%         3d6       100%        4
 Olgreb's Toxic Radiance  Pois           0%         N/A       100%        4
 Summon Lightning Spire   Summ/Air       0%         N/A       100%        4
 Fireball                 Conj/Fire      0%         3d3       100%        5
 Lightning Bolt           Conj/Air       0%         1d11      100%        5
 Manifold Assault         Tloc           0%         N/A       100%        5
 Dragon Form              Tmut           0%         N/A       100%        7
 Orb of Destruction       Conj           0%         9d5       100%        7
 Spellforged Servitor     Conj/Summ      0%         N/A       100%        7
 Discord                  Hex            0%         N/A       100%        8
 Dragon's Call            Summ           0%         N/A       100%        9

Inventory:

Armour
 b - a +0 kite shield (worn)
 j - the +4 skin of Zhor (worn) {*Englaciate rC+++ SInv}
   (You acquired it on level 9 of the Dungeon)

   It radiates cold, occasionally slowing all nearby creatures who are not
   resistant to cold.
   rC:        It renders you almost immune to cold.
   SInv:      It lets you see invisible.
 m - the +2 cloak of Stoicism (worn) {Contam rN+ Will+ Dex+3}
   (You found it on level 2 of the Dungeon)

   Dex:       It affects your dexterity (+3).
   rN:        It protects you from negative energy.
   Contam:    It causes magical contamination when unequipped.
   Will:      It increases your willpower.
 n - +0 steam dragon scales
   (You took it off Maggie on level 9 of the Dungeon)
 p - a +1 robe of fire resistance
   (You took it off Jessica on level 3 of the Dungeon)
 B - a +1 hat (worn)
   (You found it on level 5 of the Dungeon)
 M - a +0 robe
   (You took it off an orc wizard on level 9 of the Dungeon)
 N - a +0 robe
   (You took it off a kobold demonologist on level 10 of the Dungeon)
 O - a +0 robe
   (You took it off an orc wizard on level 10 of the Dungeon)
Jewellery
 a - a ring of willpower (left claw)
   (You found it on level 9 of the Dungeon)
Wands
 h - a wand of charming (5)
   (You found it on level 9 of the Dungeon)
 r - a wand of flame (27)
   (You took it off Edmund on level 4 of the Dungeon)
 A - a wand of iceblast (11)
   (You found it on level 5 of the Dungeon)
Scrolls
 g - 8 scrolls of teleportation {@r4}
 i - 2 scrolls of poison {!r}
 k - 2 scrolls of blinking {!r}
 l - 3 scrolls of immolation {!r!r}
 o - 2 scrolls of identify {@r1}
 q - a scroll of fear {unknown}
 t - 4 scrolls of magic mapping {!r}
 K - a scroll of fog
Potions
 c - 4 potions of might
 d - 7 potions of curing {unknown}
 e - 8 potions of heal wounds {unknown}
 f - a potion of brilliance {unknown}
 s - 2 potions of mutation {unknown}
 u - a potion of degeneration {unknown}
 v - 4 potions of haste {unknown}
 w - 3 potions of magic {unknown}
 z - 2 potions of cancellation {unknown}
 C - 2 potions of lignification {unknown}
 D - 2 potions of berserk rage {unknown}
 G - a potion of invisibility {unknown}
 I - 2 potions of resistance {unknown}

Dungeon Overview and Level Annotations

Branches:
Dungeon (10/15)            Temple (1/1) D:5            Lair (0/6) D:9
    Orc (2/2) D:10
    Elf: Orc:2

Altars:
Ashenzari
Cheibriados
Dithmenos
Elyvilon
Fedhas
Gozag
Hepliaklqana
Kikubaaqudgha
Makhleb
Nemelex Xobeh
Okawaru
Qazlal
Ru
Sif Muna
Trog
Uskayaw
Vehumet
Wu Jian
Xom
Yredelemnul
Zin
The Shining One
Beogh

Annotations:
Orc:1 3 runed translucent doors, Forrutt's ghost, journeyman HOFi

#.........#
#.8......#
#####.......##
#............##
......###......#
.#.....####....####
####.....^........
##......)......
#...##@.##..##. #..
#ZZ))...... #.
#.ooo......≈
#...........≈≈≈
#..#...oo.≈≈≈≈#
#..#.....≈≈≈≈## #.
......ooooo. #
.......oo.o..
..#.....≈≈≈≈#


You could see 3 orc knights, 8 orc warriors, 2 orcs, a friendly orc warrior
zombie and a friendly troll zombie.


Message History

The orc knight seems to slow down. x2; The orc warrior seems to slow down. x4
The orc warrior unwields a +0 arbalest.
The orc warrior wields a +0 great mace.
The orc warrior hits your orc warrior zombie with a +0 great mace!!
The orc warrior hits your orc warrior zombie with a +0 hand axe!!
The orc warrior hits your orc warrior zombie with a +0 hand axe!
Your orc warrior zombie is destroyed!
You block the orc warrior's attack.
The orc shoots a bolt.
The bolt closely misses your orc warrior zombie.
You block the bolt.
The orc knight roars a battlecry!
The orc warrior goes into a battle-frenzy!
The orc hits you from afar with a +0 trident.
* * * LOW HITPOINT WARNING * * *
An orc warrior comes into view. It is wielding a +0 halberd.
Your Unarmed Combat skill increases to level 12!
You closely miss the orc warrior.
The orc no longer looks unusually strong.
Your orc warrior zombie hits the orc knight.
HP[+1]
You claw the orc warrior!
The orc knight no longer looks unusually strong.
The orc warrior hits you with a +0 hand axe!
* * * LOW HITPOINT WARNING * * *
The orc warrior completely misses your orc warrior zombie.
The orc warrior hits your troll zombie with a +0 hand axe!!
The orc knight roars a battlecry!
The orcs go into a battle-frenzy!
Your troll zombie closely misses the orc warrior.
Your troll zombie claws the orc warrior.
Your troll zombie barely misses the orc warrior.
Your orc warrior zombie hits the orc.
The orc unwields a +0 arbalest.
The orc wields a +0 mace.
The orc hits your orc warrior zombie with a +0 mace!
Your orc warrior zombie hits the orc knight!
You block the orc's attack.
HP[-15]
You take 15 damage, and now have 20/119 hp.
You mangle the orc warrior!!
You kill the orc warrior!
A black mist starts to gather...
The orc warrior no longer looks unusually strong.
An orc warrior comes into view. It is wielding a +0 flail.
An orc warrior comes into view. It is wielding a +0 arbalest.
The orc warrior closely misses you.
The orc knight roars a battlecry!
The orc warrior goes into a battle-frenzy!
Your orc warrior zombie hits the orc.
The orc dies!
Your troll zombie bites the orc knight!
Your troll zombie closely misses the orc knight. x2
You hear a shout!
HP[+1]
You barely miss the orc knight.
You radiate an aura of cold.
Your orc warrior zombie is unaffected.
Your troll zombie is unaffected.
The orc knight seems to slow down.
Your orc warrior zombie is unaffected.
The orc warrior seems to slow down.
Your orc warrior zombie is unaffected.
The orc seems to slow down.
The orc knight seems to slow down.
The orc warrior seems to slow down.
The orc knight seems to slow down.
The orc warrior seems to slow down. x6
Your orc warrior zombie closely misses the orc knight.
You block the orc's attack.
HP[+1]
You claw the orc knight!
The orc knight no longer looks unusually strong.
The orc warrior no longer looks unusually strong. x3
The orc knight unwields a +0 arbalest.
The orc knight wields a +0 broad axe.
The orc knight hits your orc warrior zombie with a +0 broad axe!!!
Your orc warrior zombie is destroyed!
You block the orc warrior's attack.
Your troll zombie barely misses the orc knight.
Your troll zombie closely misses the orc knight.
Your troll zombie claws the orc knight.
The orc knight hits you with a +0 broad axe!!
* * * LOW HITPOINT WARNING * * *
The orc knight hits your troll zombie with a +0 broad axe!
The orc knight hits your orc warrior zombie with a +0 broad axe!
Your orc warrior zombie is destroyed!
An orc comes into view. It is wielding a +0 arbalest.
You hear a shout!
You can no longer trade souls for undead servants.
HP[-21]
You take 21 damage, and now have 1/119 hp.
Okay, then.
You swap places.
The orc knight roars a battlecry!
The orcs go into a battle-frenzy!
Your troll zombie misses the orc knight. x2
Your troll zombie claws the orc knight but does no damage.
The orc warrior shoots a bolt.
You block the bolt.
Your orc warrior zombie barely misses the orc warrior.
The orc warrior unwields a +0 great mace.
The orc warrior wields a +0 arbalest.
The orc warrior shoots a bolt.
The bolt hits your orc warrior zombie!
The orc knight unwields a +0 broad axe.
The orc knight wields a +0 arbalest.
The orc knight shoots a bolt.
The bolt barely misses your orc warrior zombie.
The bolt hits you!
You die...
Your body rises from the dead as a mindless zombie.

Skill      XL: |  1  2  3  4  5  6  7  8  9 10 11 12 |
---------------+-------------------------------------+-----
Unarmed Combat | 3 4 5 6 7 9 11 12 | 12.0
Fighting       | 4 8 |  8.0
Invocations    | 2 6 9 10 | 10.0
Shields        | 3 6 8 |  8.0
Dodging        | |  2.4

Action                   |  1- 3 |  4- 6 |  7- 9 | 10-12 || total
-------------------------+-------+-------+-------+-------++-------
Melee: Unarmed           |    88 |   114 |   226 |   319 ||   747
Invok: Recall Undead Har |       |       |     2 |     5 ||     7
       Dark Bargain      |       |       |       |     8 ||     8
  Use: Scroll            |     1 |       |     2 |    11 ||    14
 Stab: Sleeping          |       |     1 |     1 |       ||     2
       Distracted        |       |       |       |     3 ||     3
Armor: Robe              |    35 |    35 |    75 |    35 ||   180
       Animal skin       |       |       |       |    81 ||    81
Dodge: Dodged            |    28 |    45 |    63 |   123 ||   259
Block: Kite shield       |    24 |    31 |    75 |   166 ||   296

Levels and vault maps discovered:
D:1:      roderic_octagonal_star, layout_rooms, minmay_pentomino_r4
D:2:      minmay_skewed_foursquare, layout_basic,
          shapermc_ecumenical_altar_pompeii, minmay_diced_spiral
D:3:      layout_rooms, lemuel_tele_altar, uniq_jessica, uniq_natasha,
          uniq_grinder
D:4:      layout_loops_ring, uniq_edmund
D:5:      wander_river, layout_layer_cave, grunt_temple_overflow_diamond,
          lemuel_doored_altar, minmay_temple_entry_slanted,
          kennysheep_big_empty_room, uniq_blork_the_orc
D:6:      layout_rooms
D:7:      layout_gridville, chequers_serial_rivers_micro_c,
          uniq_crazy_yiuf_cottage
D:8:      layout_cave_pools, vehumet_crystals, lemuel_round_altar,
          kennysheep_generic_room_11
D:9:      cheibrodos_ideogram_h, layout_cave_pods, kennysheep_little_box,
          lair_entry_dummy, serial_ice, serial_ice_b, serial_ice_n,
          serial_ice_i, serial_ice_m, minmay_three_doors, uniq_maggie
D:10:     layout_roguey [special_room_kobold], tgw_xom, david_orc_5
Temple:   cyrus_circular_temple
Orc:1:    layout_caves, gammafunk_ghost_fury_of_okawaru, trog_butcher_becter
Orc:2:    st_orc_rangers, layout_caves, nicolae_orc_sculptors_studio,
          nicolae_orc_lava_tube

Notes
Turn   | Place    | Note
-------+----------+-------------------------------------------
     0 | D:1      | zeratav the Troll Fighter began the quest for the Orb.
     0 | D:1      | Reached XP level 1. HP: 22/22 MP: 0/0
     0 | D:1      | magus.rc [v1.9.6]
   100 | D:1      | Reached XP level 2. HP: 28/29 MP: 1/1
   146 | D:1      | Reached skill level 3 in Unarmed Combat
   262 | D:1      | Reached XP level 3. HP: 36/36 MP: 2/2
   266 | D:1      | You pick up a book of Spatial Translocations and begin
                  | reading...
   266 | D:1      | You add the spells Blink, Lesser Beckoning and Manifold
                  | Assault to your library.
   293 | D:1      | You pick up a book of Debilitation and begin reading...
   293 | D:1      | You add the spells Slow, Vampiric Draining and Confusing
                  | Touch to your library.
   410 | D:1      | You pick up a book of Hexes and begin reading...
   410 | D:1      | You add the spells Inner Flame, Cause Fear and Discord to
                  | your library.
   578 | D:2      | Found a faded altar of an unknown god.
   602 | D:2      | Identified the +2 cloak of Stoicism {Contam rN+ Will+
                  | Dex+3}
   641 | D:2      | Reached skill level 4 in Unarmed Combat
   773 | D:2      | Reached XP level 4. HP: 42/44 MP: 3/3
   895 | D:2      | Reached skill level 5 in Unarmed Combat
  1353 | D:2      | Reached XP level 5. HP: 50/50 MP: 4/4
  1461 | D:3      | Noticed Natasha
  1471 | D:3      | Killed Natasha
  1537 | D:3      | You pick up a book of Displacement and begin reading...
  1537 | D:3      | You add the spells Gell's Gravitas and Teleport Other to
                  | your library.
  1557 | D:3      | Noticed Grinder
  1571 | D:3      | Paralysed by Grinder for 4 turns
  1575 | D:3      | Killed Grinder
  1576 | D:3      | Reached skill level 6 in Unarmed Combat
  1576 | D:3      | Reached XP level 6. HP: 56/59 MP: 5/5
  1581 | D:3      | Noticed Natasha
  1587 | D:3      | Killed Natasha
  1588 | D:3      | Reached skill level 7 in Unarmed Combat
  1667 | D:3      | Noticed Jessica
  1668 | D:3      | Found a stormy altar of Qazlal.
  1668 | D:3      | Noticed Natasha
  1673 | D:3      | Killed Jessica
  1677 | D:3      | Killed Natasha
  2055 | D:4      | You pick up a book of Dangerous Friends and begin
                  | reading...
  2055 | D:4      | You add the spells Summon Guardian Golem, Orb of
                  | Destruction and Spellforged Servitor to your library.
  2096 | D:4      | Noticed Edmund
  2105 | D:4      | Reached XP level 7. HP: 66/66 MP: 6/6
  2112 | D:4      | Killed Edmund
  2113 | D:4      | Reached skill level 8 in Unarmed Combat
  2541 | D:4      | Reached skill level 9 in Unarmed Combat
  2761 | D:5      | Entered Level 5 of the Dungeon
  2835 | D:5      | Found a staircase to the Ecumenical Temple.
  2844 | Temple   | Entered the Ecumenical Temple
  2869 | Temple   | Became a worshipper of Yredelemnul the Dark
  2902 | D:5      | Found a burning altar of Makhleb.
  3315 | D:5      | You pick up a book of Spatial Translocations and begin
                  | reading...
  3349 | D:5      | Noticed Blork the orc
  3357 | D:5      | Killed Blork the orc
  3362 | D:5      | Reached * piety under Yredelemnul
  3363 | D:5      | Reached XP level 8. HP: 74/74 MP: 7/7
  3532 | D:5      | Found a glowing silver altar of Zin.
  3541 | D:5      | Reached ** piety under Yredelemnul
  3576 | D:5      | Found a shimmering blue altar of Sif Muna.
  3579 | D:5      | Found a sparkling altar of Nemelex Xobeh.
  3721 | D:5      | Reached *** piety under Yredelemnul
  3722 | D:5      | Reached skill level 10 in Unarmed Combat
  3885 | D:6      | You pick up a book of Changes and begin reading...
  3885 | D:6      | You add the spells Beastly Appendage, Wereblood and Spider
                  | Form to your library.
  3921 | D:6      | You add the spells Scorch and Fireball to your library.
  3921 | D:6      | Got Xaenkud's Guide on the Blaze
  4031 | D:6      | Reached skill level 11 in Unarmed Combat
  4115 | D:6      | Reached skill level 3 in Fighting
  4329 | D:7      | Reached skill level 4 in Fighting
  4400 | D:7      | Reached XP level 9. HP: 70/85 MP: 8/8
  4457 | D:7      | Reached skill level 5 in Fighting
  4469 | D:7      | Noticed a two-headed ogre
  4475 | D:7      | Killed a two-headed ogre
  4476 | D:7      | Reached skill level 6 in Fighting
  4587 | D:7      | You add the spells Sting, Poisonous Vapours and Olgreb's
                  | Toxic Radiance to your library.
  4913 | D:7      | Reached skill level 7 in Fighting
  4970 | D:7      | Found a runed translucent door.
  4971 | D:7      | Noticed Crazy Yiuf
  4976 | D:7      | Killed Crazy Yiuf
  4986 | D:7      | Reached **** piety under Yredelemnul
  5036 | D:8      | Found a radiant altar of Vehumet.
  5159 | D:8      | Reached skill level 8 in Fighting
  5163 | D:8      | Reached skill level 1 in Invocations
  5171 | D:8      | HP: 24/96 [yak (8)]
  5178 | D:8      | HP: 13/96 [yak (8)]
  5180 | D:8      | HP: 4/96 [yak (11)]
  5182 | D:8      | Reached skill level 3 in Shields
  5190 | D:8      | Reached skill level 2 in Invocations
  5190 | D:8      | Reached XP level 10. HP: 15/104 MP: 8/10
  5223 | D:8      | HP: 25/104 [white imp/puff of frost (5)]
  5228 | D:8      | HP: 19/104 [yak (11)]
  5230 | D:8      | Reached skill level 3 in Invocations
  5232 | D:8      | Reached skill level 4 in Shields
  5451 | D:8      | Found a snail-covered altar of Cheibriados.
  5712 | D:8      | You pick up a book of the Dragon and begin reading...
  5712 | D:8      | You add the spells Dragon Form and Dragon's Call to your
                  | library.
  5785 | D:9      | Noticed a two-headed ogre
  5787 | D:9      | Noticed a sun demon
  5789 | D:9      | Noticed a soul eater
  5794 | D:9      | Reached skill level 4 in Invocations
  5809 | D:9      | HP: 19/104 [two-headed ogre/+0 giant club (21)]
  5927 | D:8      | Identified 2 scrolls of acquirement
  5927 | D:8      | Acquired 1053 gold pieces
  5929 | D:8      | Acquired 887 gold pieces
  6097 | D:9      | Reached skill level 5 in Shields
  6104 | D:9      | Killed a two-headed ogre
  6105 | D:9      | Reached skill level 5 in Invocations
  6158 | D:9      | Acquired the +4 skin of Zhor {*Englaciate rC+++ SInv}
  6158 | D:9      | Found the +4 skin of Zhor {*Englaciate rC+++ SInv}
  6197 | D:9      | Reached skill level 6 in Shields
  6203 | D:9      | Noticed a two-headed ogre
  6207 | D:9      | Noticed a centaur warrior
  6208 | D:9      | Noticed a boulder beetle
  6212 | D:9      | Killed a two-headed ogre
  6213 | D:9      | Reached skill level 6 in Invocations
  6213 | D:9      | Reached XP level 11. HP: 79/111 MP: 9/14
  6216 | D:9      | Killed a centaur warrior
  6235 | D:9      | HP: 20/111 [wight/+5 trident of freezing (11)]
  6242 | D:9      | HP: 21/109 [wight/+5 trident of freezing (7)]
  6255 | D:9      | Noticed a tengu warrior
  6256 | D:9      | HP: 15/109 [tengu warrior/bolt (13)]
  6260 | D:9      | HP: 3/109 [tengu warrior/bolt (17)]
  6498 | D:9      | Killed a tengu warrior
  6499 | D:9      | Reached skill level 7 in Shields
  6499 | D:9      | Reached skill level 7 in Invocations
  6585 | D:9      | You pick up a book of Conjurations {@e2} and begin
                  | reading...
  6585 | D:9      | You add the spells Magic Dart, Searing Ray and Fulminant
                  | Prism to your library.
  6605 | D:9      | Killed a boulder beetle
  6897 | D:9      | Noticed Maggie
  6906 | D:9      | Killed Maggie
  6948 | D:9      | Found a glowing golden altar of the Shining One.
  7025 | D:9      | Found a staircase to the Lair.
  7151 | D:9      | Noticed a skeletal warrior
  7160 | D:9      | Killed a skeletal warrior
  7212 | D:9      | Noticed a boulder beetle
  7222 | D:9      | Killed a boulder beetle
  7223 | D:9      | Reached skill level 8 in Invocations
  7243 | D:9      | You pick up a book of Storms and begin reading...
  7243 | D:9      | You add the spells Airstrike, Summon Lightning Spire and
                  | Lightning Bolt to your library.
  7367 | D:10     | Entered Level 10 of the Dungeon
  7582 | D:10     | Reached skill level 8 in Shields
  7674 | D:10     | Reached skill level 9 in Invocations
  7782 | D:10     | Noticed a two-headed ogre
  7793 | D:10     | Killed a two-headed ogre
  7794 | D:10     | Found a shimmering altar of Xom.
  8070 | D:10     | Reached XP level 12. HP: 88/119 MP: 18/18
  8139 | D:10     | Reached skill level 10 in Invocations
  8153 | D:10     | Found a staircase to the Orcish Mines.
  8178 | D:10     | Reached ***** piety under Yredelemnul
  8416 | Orc:1    | Entered Level 1 of the Orcish Mines
  8502 | Orc:1    | Found a runed translucent gate.
  8502 | Orc:1    | Found a runed translucent gate.
  8502 | Orc:1    | Found a runed translucent gate.
  8502 | Orc:1    | Found an iron altar of Okawaru.
  8502 | Orc:1    | Noticed a tengu warrior
  8502 | Orc:1    | Noticed a naga warrior
  8502 | Orc:1    | Noticed a merfolk javelineer
  8502 | Orc:1    | Noticed an orc warlord
  8502 | Orc:1    | Noticed Forrutt's ghost (journeyman HOFi)
  8502 | Orc:1    | Found the +3 robe of Clouds {*Thunder rCloud rElec}
  8503 | Orc:1    | Noticed a centaur warrior
  8608 | Orc:2    | Entered Level 2 of the Orcish Mines
  8789 | Orc:2    | Reached skill level 12 in Unarmed Combat
  8790 | Orc:2    | HP: 20/119 [orc warrior/+0 hand axe (16)]
  8793 | Orc:2    | HP: 1/119 [orc knight/+0 broad axe (22)]
  8794 | Orc:2    | Shot with a bolt by an orc knight

Vanquished Creatures
  2 boulder beetles (D:9)
  A centaur warrior (D:9)
  2 two-headed ogres
  A tengu warrior (D:9)
  A skeletal warrior (D:9)
  A gargoyle (D:10)
  Maggie (D:9)
  2 kobold demonologists
  3 trolls
  A polar bear (D:9)
  Grinder (D:3)
  2 wraiths
  8 yaks
  3 steam dragons
  Edmund (D:4)
  A warg (Orc:2)
  A water moccasin (D:7)
  2 ice beasts (D:9)
  14 orc warriors
  A black bear (D:5)
  A sky beast (D:7)
  5 ogres
  8 centaurs
  A wolf (D:8)
  10 kobold brigands
  A gnoll sergeant (D:9)
  A bullfrog (D:8)
  Blork the orc (D:5)
  A necrophage (D:4)
  3 scorpions
  A wight (D:9)
  4 killer bees (D:7)
  5 howler monkeys
  Crazy Yiuf (D:7)
  2 hounds
  4 orc priests
  3 jellies
  2 gnoll shamans
  Jessica (D:3)
  2 iguanas
  Natasha (thrice) (D:3)
  9 orc wizards
  2 centaur simulacra (D:9)
  12 gnolls
  9 adders
  2 shadow imps
  3 white imps
  2 howler monkey simulacra (D:9)
  4 ufetubi
  2 worms
  A dart slug (D:2)
  41 orcs
  10 ball pythons
  7 endoplasms
  8 goblins
  9 hobgoblins
  4 jackals (D:4)
  14 kobolds
  3 quokkas
  10 bats
  5 frilled lizards
  6 rats
272 creatures vanquished.

Vanquished Creatures (collateral kills)
  2 two-headed ogres
  4 yaks
  A steam dragon (D:9)
  An ice beast (D:9)
  5 orc warriors
  A wolf (D:9)
  3 centaurs
  14 kobold brigands (D:10)
  2 bullfrogs
  A wight (D:9)
  A killer bee (D:7)
  2 orc priests (D:10)
  2 orc wizards
  A gnoll (D:10)
  A white imp (D:9)
  14 orcs
  3 ball pythons (D:10)
  A quokka (D:10)
  A frilled lizard (D:10)
  8 kobolds (D:10)
68 creatures vanquished.

Vanquished Creatures (others)
  A two-headed ogre zombie (D:9)
  5 yak zombies (D:8)
  3 spectral ice beasts (D:9)
  A polar bear zombie (D:9)
  5 centaur zombies
  2 killer bee zombies (D:7)
  11 kobold zombies
  A howler monkey zombie (D:8)
  2 steam dragon zombies (D:9)
  13 orc zombies
  A spectral white imp (D:8)
  3 ball python zombies (D:10)
  A spectral ufetubus (D:9)
  2 fungi (D:7)
51 creatures vanquished.

Grand Total: 391 creatures vanquished

Table legend:
 A = Non-vault XP
 B = Vault XP
 C = Vault XP percentage of total XP
 D = Non-vault monster count
 E = Vault monster count
 F = Vault count percentage of total count
                 A         B        C        D         E       F
            +---------+---------+-------+---------+---------+-------
      Total |    9611 |   16154 |  62.7 |     205 |     135 |  39.7
            +---------+---------+-------+---------+---------+-------
        D:1 |      58 |       6 |   9.4 |      28 |       4 |  12.5
        D:2 |     103 |      29 |  22.0 |      23 |      11 |  32.4
        D:3 |     116 |     339 |  74.5 |      13 |       3 |  18.8
        D:4 |     388 |     162 |  29.5 |      26 |       1 |   3.7
        D:5 |     422 |      85 |  16.8 |      23 |       1 |   4.2
        D:6 |     792 |       0 |   0.0 |      11 |       0 |   0.0
        D:7 |    1762 |      42 |   2.3 |      18 |       1 |   5.3
        D:8 |    2672 |     201 |   7.0 |      23 |       2 |   8.0
        D:9 |     531 |    9809 |  94.9 |      10 |      43 |  81.1
       D:10 |    1482 |    4344 |  74.6 |      21 |      58 |  73.4
      Orc:1 |     500 |       0 |   0.0 |       6 |       0 |   0.0
      Orc:2 |     785 |    1137 |  59.2 |       3 |      11 |  78.6
            +---------+---------+-------+---------+---------+-------

Illustrated notes

Table legend:
 A = Kills in this place as a percentage of kills in entire the game.
 B = Kills by you in this place as a percentage of kills by you in the entire game.
 C = Kills by friends in this place as a percentage of kills by friends in the entire game.
 D = Other kills in this place as a percentage of other kills in the entire game.
 E = Experience gained in this place as a percentage of experience gained in the entire game.
 F = Experience gained in this place divided by the number of levels of this place that you have seen.
                   A       B       C       D       E      F
               +-------+-------+-------+-------+-------+----------------------
         Total | 100.0 | 100.0 | 100.0 |   N/A | 100.0 | 1981.9
       Dungeon |  94.1 |  94.5 |  92.6 |   N/A |  90.6 | 2334.3
  Orcish Mines |   5.9 |   5.5 |   7.4 |   N/A |   9.4 | 1211.0
               +-------+-------+-------+-------+-------+----------------------

Table legend: (Time is in decaauts)
 A = Elapsed time spent in this place.
 B = Non-inter-level travel time spent in this place.
 C = Inter-level travel time spent in this place.
 D = Time resting spent in this place.
 E = Time spent auto-exploring this place.
 F = Levels seen in this place.
 G = Mean time per level.
                   A        B        C        D        E       F      G
               +--------+--------+--------+--------+--------+-----+--------+
         Total |   8807 |   8368 |    439 |    583 |   5740 |  13 |  677.5 |
       Dungeon |   8401 |   7995 |    406 |    583 |   5445 |  10 |  840.1 |
        Temple |     33 |     11 |     22 |      0 |      7 |   1 |   33.0 |
  Orcish Mines |    372 |    362 |     10 |      0 |    288 |   2 |  186.0 |
               +--------+--------+--------+--------+--------+-----+--------+

Top non-repeatable levels by time:
     D:9: 1431 daAuts
     D:5: 1083 daAuts
    D:10: 1057 daAuts
     D:8: 931 daAuts
     D:2: 887 daAuts
     D:4: 723 daAuts
     D:7: 683 daAuts
     D:1: 574 daAuts
     D:3: 572 daAuts
     D:6: 456 daAuts
   Orc:1: 190 daAuts
   Orc:2: 182 daAuts
  Temple: 33 daAuts
